[Event "DSOL-KO 2022"]
[Site "Germany"]
[Date "2022.05.20"]
[Round "3.1"]
[White "Kurley, Roman"]
[Black "Kramer, Melik Kurt"]
[Result "1/2-1/2"]
[ECO "A03"]
[WhiteElo "1864"]
[BlackElo "2017"]
[Annotator "TA"]
[PlyCount "36"]
[EventDate "2022.01.31"]
[EventType "team-tourn"]
[EventCountry "GER"]
[SourceTitle "playchess.com"]
[Source "ChessBase"]
[SourceQuality "1"]
[WhiteTeam "Hamburger SK II"]
[BlackTeam "SU Ebersberg-Grafing"]
[TimeControl "2700+15"]

1. f4 d5 2. Nf3 Bg4 3. e3 Nd7 4. Be2 Ngf6 5. O-O Bxf3 6. Bxf3 {A03: Bird's Opening with 1...d5.} e5 7. d4 e4 8. Be2 {[#]} c5 $146 ({Predecessor:} 8... Bd6 9. c4 dxc4 10. Nd2 Nb6 11. a4 a5 12. Qc2 Qe7 13. Nxc4 Nxc4 14. Bxc4 h5 {½-½ (14) Panic,N (2309)-Cabrilo,G (2331) Arandjelovac 2022}) 9. c3 Be7 {The position is equal.} 10. b3 O-O 11. Bb2 cxd4 12. cxd4 Rc8 13. Qd2 a6 14. Nc3 b5 15. a3 Qb6 16. Rfc1 Rc7 17. g4 {[#] Strongly threatening g5.} Qe6 18. h3 Rfc8 {An uneventful encounter.  Weighted Error Value: White=0.06 (flawless) /Black=0.04 (flawless)} 1/2-1/2

[Event "DSOL-KO 2022"]
[Site "Germany"]
[Date "2022.05.20"]
[Round "3.1"]
[White "Bodnar, David"]
[Black "Drexler, Levi"]
[Result "1-0"]
[ECO "D45"]
[WhiteElo "1835"]
[BlackElo "1688"]
[Annotator "NA RC COMBH"]
[PlyCount "67"]
[EventDate "2022.01.31"]
[EventType "team-tourn"]
[EventCountry "GER"]
[SourceTitle "playchess.com"]
[Source "ChessBase"]
[SourceQuality "1"]
[WhiteTeam "Findorffer SF"]
[BlackTeam "SC Bad Salzdetfurth III"]
[TimeControl "2700+15"]

1. Nf3 d5 2. d4 e6 3. c4 c6 4. e3 Nf6 5. Nc3 b6 6. Qc2 a5 7. a4 Ba6 8. Nd2 Bd6 9. Be2 Nbd7 10. b3 Qc7 11. f4 g6 12. Nf3 Bb7 13. Ba3 Ng4 14. Bc1 Ngf6 15. Ne5 Bb4 16. O-O Nxe5 17. fxe5 Nd7 18. Bd2 Be7 19. Be1 O-O-O 20. Rxf7 Bg5 21. Bd2 Rdf8 22. Raf1 Kd8 23. Bg4 dxc4 24. Bxe6 Be7 25. Ne4 c5 26. Qxc4 Bxe4 27. Bc3 Bc6 28. d5 Nxe5 29. Bxe5 Qxe5 30. dxc6 Qxe3+ 31. Kh1 Qg5 32. Qd3+ Kc7 33. Qd7+ Kb8 34. Qb7# 1-0

[Event "DSOL-KO 2022"]
[Site "Germany"]
[Date "2022.05.20"]
[Round "3.1"]
[White "Vonderhecken, Florian"]
[Black "Ragg, Elija"]
[Result "0-1"]
[ECO "C60"]
[WhiteElo "1821"]
[BlackElo "1748"]
[Annotator "NA RC COMBH"]
[PlyCount "160"]
[EventDate "2022.01.31"]
[EventType "team-tourn"]
[EventCountry "GER"]
[SourceTitle "playchess.com"]
[Source "ChessBase"]
[SourceQuality "1"]
[WhiteTeam "Bochumer SV"]
[BlackTeam "SF Seelscheid II"]
[TimeControl "2700+15"]

1. e4 e5 2. Nf3 Nc6 3. Bb5 Nge7 4. O-O d6 5. d3 Bd7 6. c3 g6 7. Be3 Bg7 8. Qd2 O-O 9. Bh6 a6 10. Ba4 f5 11. Bxg7 Kxg7 12. exf5 Nxf5 13. Na3 b5 14. Bc2 Na7 15. d4 exd4 16. Nxd4 Nxd4 17. cxd4 Qf6 18. f4 Nc6 19. Rad1 Bg4 20. f5 Bxd1 21. Rxd1 gxf5 22. Nb1 d5 23. Qf4 Rac8 24. Nc3 Ne7 25. Ne2 Qg6 26. Qe5+ Qf6 27. Qf4 Ng6 28. Qf3 c6 29. Ng3 Qg5 30. Nxf5+ Kh8 31. g4 Nh4 32. Qg3 Nxf5 33. Bxf5 Rcd8 34. Kh1 Qf6 35. Qa3 Ra8 36. Qa5 Qd8 37. Qc3 Qd6 38. Rc1 Rf6 39. Re1 Rh6 40. Re2 Ra7 41. Qe3 Kg7 42. Qg5+ Kf7 43. h4 a5 44. h5 b4 45. Rf2 Rf6 46. h6 Rxh6+ 47. Kg1 Qg3+ 48. Kf1 Rh1+ 49. Ke2 Rh2 50. Bg6+ Ke6 51. Qf6+ Kd7 52. Qf7+ Kd8 53. Qf6+ Kc7 54. Bh5 Rxf2+ 55. Qxf2 Qxf2+ 56. Kxf2 Kd6 57. Kf3 c5 58. dxc5+ Kxc5 59. Ke3 a4 60. Kd3 a3 61. b3 Re7 62. g5 Re5 63. Bf3 Rxg5 64. Kd2 h5 65. Ke2 Kd4 66. Kf2 Kc3 67. Bg2 Rxg2+ 68. Kxg2 Kb2 69. Kh3 Kxa2 70. Kh4 Kxb3 71. Kxh5 a2 72. Kg5 a1=Q 73. Kg4 Qf1 74. Kg3 Kc4 75. Kh2 Kd4 76. Kg3 Ke3 77. Kh2 Qf8 78. Kg3 Qf3+ 79. Kh2 Qg4 80. Kh1 Kf2 0-1

[Event "DSOL-KO 2022"]
[Site "Germany"]
[Date "2022.05.20"]
[Round "3.1"]
[White "Gaertner, Lars-Florian"]
[Black "Wilke, Dominik"]
[Result "1-0"]
[ECO "C43"]
[WhiteElo "1793"]
[BlackElo "1801"]
[Annotator "NA RC COMBH"]
[PlyCount "138"]
[EventDate "2022.01.31"]
[EventType "team-tourn"]
[EventCountry "GER"]
[SourceTitle "playchess.com"]
[Source "ChessBase"]
[SourceQuality "1"]
[WhiteTeam "SC Bad Salzdetfurth III"]
[BlackTeam "Findorffer SF"]
[TimeControl "2700+15"]

1. e4 e5 2. Nf3 Nf6 3. d4 Nxe4 4. Bd3 d5 5. Nxe5 Bd6 6. Qh5 g6 7. Qh6 Bf8 8. Qf4 Qf6 9. Bxe4 Qxf4 10. Bxf4 dxe4 11. Nd2 f6 12. Nec4 Be6 13. Bxc7 Nc6 14. Ne3 Nxd4 15. Nxe4 Nxc2+ 16. Nxc2 Rc8 17. Nd4 Bd5 18. Nxf6+ Kf7 19. Nxd5 Bc5 20. Be5 Rhe8 21. Nf3 Bd6 22. O-O Bxe5 23. Nxe5+ Rxe5 24. Nc3 Rce8 25. Rad1 Kg8 26. f3 R5e7 27. Kf2 b6 28. Rfe1 Rxe1 29. Rxe1 Rd8 30. Re2 Rd6 31. Kg3 a6 32. Ne4 Rc6 33. Kf4 a5 34. Ke5 Kg7 35. Kd5 Rc8 36. Nc3 Rc5+ 37. Kd4 Kf7 38. Re5 Rc6 39. Rb5 Ke6 40. Ke3 Kf6 41. Kf4 Rd6 42. Kg3 Rc6 43. Nd5+ Kf7 44. Nxb6 Rc2 45. Na4 Rc4 46. Rxa5 h5 47. h4 Kf6 48. b3 Rc2 49. Nb6 Rc6 50. Nc4 Re6 51. Rb5 Re2 52. a4 Ke6 53. a5 Kd7 54. Ne5+ Ke6 55. Nxg6 Kf6 56. Nf4 Ra2 57. Nxh5+ Kg6 58. Nf4+ Kf6 59. Rb6+ Kf5 60. a6 Ra3 61. b4 Ra4 62. Nd5 Ke5 63. Nc3 Ra3 64. Ne4 Kd5 65. h5 Ke5 66. Rb5+ Ke6 67. Ra5 Rb3 68. a7 Rxb4 69. a8=Q Rb8 1-0

[Event "DSOL-KO 2022"]
[Site "Germany"]
[Date "2022.05.20"]
[Round "3.1"]
[White "Maksimovic, Marko"]
[Black "Sander, Johann"]
[Result "1-0"]
[ECO "A42"]
[WhiteElo "1792"]
[BlackElo "1529"]
[Annotator "NA RC COMBH"]
[PlyCount "61"]
[EventDate "2022.01.31"]
[EventType "team-tourn"]
[EventCountry "GER"]
[SourceTitle "playchess.com"]
[Source "ChessBase"]
[SourceQuality "1"]
[WhiteTeam "SU Ebersberg-Grafing"]
[BlackTeam "Hamburger SK II"]
[TimeControl "2700+15"]

1. d4 g6 2. c4 Bg7 3. Nc3 d6 4. e4 e5 5. d5 Ne7 6. h4 h5 7. Bg5 Nd7 8. Qd2 Nf6 9. f3 a6 10. Nh3 Bxh3 11. Rxh3 Qd7 12. O-O-O O-O-O 13. b4 c6 14. Kb1 Kb8 15. Qb2 Qc7 16. b5 Ka8 17. Qa3 cxd5 18. cxd5 Rc8 19. Rc1 Qb6 20. g4 Rxc3 21. Rxc3 Nexd5 22. exd5 Nxd5 23. Rc1 Nf4 24. Rh2 hxg4 25. Rb2 a5 26. Rd2 d5 27. Be7 Ne6 28. fxg4 Nd4 29. Rxd4 exd4 30. Bc5 Qd8 31. b6 1-0

[Event "DSOL-KO 2022"]
[Site "Germany"]
[Date "2022.05.20"]
[Round "3.1"]
[White "Schroeder, Christoph"]
[Black "Lieberwirth, Kasimir"]
[Result "1/2-1/2"]
[ECO "B90"]
[WhiteElo "1787"]
[BlackElo "1901"]
[Annotator "TA"]
[PlyCount "87"]
[EventDate "2022.01.31"]
[EventType "team-tourn"]
[EventCountry "GER"]
[SourceTitle "playchess.com"]
[Source "ChessBase"]
[SourceQuality "1"]
[WhiteTeam "SK Johanneum Eppendorf I"]
[BlackTeam "SG Turm Leipzig I"]
[TimeControl "2700+15"]

1. e4 c5 2. Nf3 d6 3. d4 cxd4 4. Nxd4 Nf6 5. Nc3 a6 6. a3 e5 {B90: Sicilian Najdorf: Unusual White 6th moves, 6 Be3 Ng4 and 6 Be3 e5.} 7. Nf5 $1 {The main line 7.Nf5 scores better than 7.Nf3.} d5 8. Bg5 d4 {The position is equal.} 9. Bxf6 gxf6 10. Nb1 (10. Bc4 $2 Bxf5 11. exf5 dxc3 $19) 10... Bxf5 11. exf5 Qd5 12. Qd3 Nd7 13. Nd2 Nc5 14. Qh3 {[#]} b5 $146 ({Predecessor:} 14... h5 15. Bc4 Qc6 16. b4 Ne4 17. Qb3 Nxd2 18. Bxf7+ Ke7 19. Kxd2 Bh6+ 20. Kd1 Qxg2 {½-½ (26) Ganguly,S (2563)-Matlakov,M (2652) Riga 2021}) 15. Be2 {Hoping for Bf3.} e4 {Inhibits Bf3.} 16. O-O {And now b4 would win.} (16. b4 {feels hotter.} d3 17. cxd3 Nxd3+ 18. Bxd3 exd3 19. O-O) 16... O-O-O 17. Rfd1 Qe5 (17... Na4 $14) 18. a4 (18. Qh4 $16) 18... Nxa4 $14 {[#]} 19. Qb3 {Against Bb4} (19. Nc4 $1 $16 Qe7 20. Qh4) 19... Nc5 (19... Qxf5 $2 20. Rxa4 d3 21. cxd3 $1 (21. Rxe4 dxe2 22. Rxe2 Rg8 $16) 21... bxa4 22. Qb6 $18 (22. Qxa4 Qb5 $14) (22. Qxf7 Kb8 $11)) 20. Qxf7 {[%cal Oe2b5] Strongly threatening Bxb5!} Rd7 (20... Bd6 $1 $11 21. g3 e3) 21. Qh5 (21. Qa2 $14) 21... Rg8 ({Black should play} 21... Kc7 $11) 22. Nb3 $2 (22. b4 $14 {stays ahead.} Na4 23. Rxa4 bxa4 24. Nc4) 22... Nxb3 $1 $19 23. cxb3 d3 {...Rg5 is the strong threat.} 24. Bf1 Kb7 (24... Qxb2 $2 25. Qe8+ Kc7 26. Rdc1+ Qc2 27. Qxe4 $18) 25. Kh1 Bc5 26. Qh4 Re8 27. Rac1 Qd4 28. Kg1 Re5 29. Qf4 Qxb2 (29... e3 $142 30. Qxd4 Bxd4 31. Bxd3 e2) 30. Rxc5 Rxc5 31. Qxe4+ Ka7 (31... Kc7 $19 {has better winning chances.} 32. Rxd3 Rxd3 33. Qxd3 Qe5) 32. Rxd3 $17 Rxd3 33. Qxd3 {[%cal Ob3b4][%mdl 4096] Endgame KQR-KQB} (33. Qe7+ Kb6 34. Bxd3 Rc1+ 35. Bf1 Ka5 $19) 33... Qe5 34. g4 (34. Qd7+ {keeps fighting.} Kb6 35. Qd8+ Ka7 36. Qd7+ Rc7 37. Qd3) 34... Qd5 $2 ({Black should try} 34... Rd5 $19 35. Qh3 Rd7) 35. Qe3 $11 Qe5 $2 (35... Kb8 $11) 36. Qd3 $1 $19 Rd5 37. Qc2 Qf4 $2 (37... Kb6 $19 {White must now prevent ...Qe1.} 38. Be2 Qd4) 38. Bg2 $16 Qe5 (38... Rd2 $16 39. Qc5+ Kb8 40. Qb6+ Kc8 41. Qxa6+ Kd8 42. Qb6+ (42. Qxf6+ Kd7 $16) 42... Ke7 43. Qe6+ Kd8 44. Qxf6+ Kc7 45. Qc6+ Kd8 46. Qb6+ Ke7 47. Qe6+ Kf8 48. Qf6+ Kg8 49. Bd5+ Rxd5 50. Qe6+ Kg7 51. Qxd5 Qxg4+ 52. Kf1 Qh3+ 53. Ke2 Qh5+ 54. Ke3 Qh6+ 55. Kd3 Qh3+ 56. f3 Qf1+ 57. Kc3 Qe1+ 58. Qd2 Qe7 59. Qd4+ Kg8 60. Qd5+ Kf8) 39. Bxd5 $18 Qxd5 40. Qc7+ Ka8 41. Qc8+ ({Weaker is} 41. Qxh7 Qd1+ 42. Kg2 Qxg4+ 43. Kf1 Qd1+ 44. Kg2 Qg4+ 45. Kh1 Qf3+ 46. Kg1 Qg4+ 47. Kh1 Qf3+ 48. Kg1 Qg4+ 49. Kh1 $11) (41. h3 $1 $18) 41... Ka7 $16 42. Qc7+ (42. h3 $1 $16) 42... Ka8 $18 {[#]} 43. Qc8+ ({And not} 43. Qxh7 Qd1+ 44. Kg2 Qxg4+ 45. Kf1 Qd1+ 46. Kg2 Qg4+ 47. Kf1 Qd1+ 48. Kg2 Qg4+ $11) (43. h3 $1 $18 {and the rest is easy.}) 43... Ka7 $16 {[#]} 44. Qc7+ {Weighted Error Value: White=0.47/Black=0.62} (44. h3 $1 $16) 1/2-1/2

[Event "DSOL-KO 2022"]
[Site "Germany"]
[Date "2022.05.20"]
[Round "3.1"]
[White "Heimann, Andreas"]
[Black "Edling, Joern"]
[Result "1-0"]
[ECO "E15"]
[WhiteElo "1783"]
[BlackElo "1454"]
[Annotator "NA COMBH"]
[PlyCount "33"]
[EventDate "2022.01.31"]
[EventType "team-tourn"]
[EventCountry "GER"]
[SourceTitle "playchess.com"]
[Source "ChessBase"]
[SourceQuality "1"]
[WhiteTeam "SF Deizisau I"]
[BlackTeam "SK Rinteln I"]
[TimeControl "2700+15"]

1. d4 Nf6 2. c4 e6 3. Nf3 b6 4. g3 Ba6 5. Qc2 d5 6. cxd5 exd5 7. Nc3 Nbd7 8. Bg5 Bb4 9. Ne5 Qc8 10. Bh3 O-O 11. Bxf6 gxf6 12. Nxd7 Kg7 13. Qf5 Re8 14. Qxf6+ Kg8 15. Qg5+ Kh8 16. Ne5 Rxe5 17. Qxe5+ 1-0

[Event "DSOL-KO 2022"]
[Site "Germany"]
[Date "2022.05.20"]
[Round "3.1"]
[White "Seidenstuecker, Hans-Lennart"]
[Black "Dautov, Rustem"]
[Result "0-1"]
[ECO "A17"]
[WhiteElo "1761"]
[BlackElo "1885"]
[Annotator "NA COMBH"]
[PlyCount "52"]
[EventDate "2022.01.31"]
[EventType "team-tourn"]
[EventCountry "GER"]
[SourceTitle "playchess.com"]
[Source "ChessBase"]
[SourceQuality "1"]
[WhiteTeam "SK Rinteln I"]
[BlackTeam "SF Deizisau I"]
[TimeControl "2700+15"]

1. Nf3 d5 2. c4 e6 3. e3 Nf6 4. Nc3 b6 5. b3 Bb7 6. Bb2 Nbd7 7. Be2 a6 8. O-O Bd6 9. Rc1 O-O 10. cxd5 exd5 11. a3 Qe7 12. b4 c5 13. bxc5 bxc5 14. d4 c4 15. a4 Bc6 16. Nd2 Rfb8 17. Qc2 Ba3 18. Rb1 Bxb2 19. Rxb2 Rxb2 20. Qxb2 Rb8 21. Qc2 Rb4 22. Rb1 a5 23. Bd1 Nb6 24. Nb5 Nxa4 25. Rxb4 Qxb4 26. Qxa4 Qxd2 0-1

[Event "DSOL-KO 2022"]
[Site "Germany"]
[Date "2022.05.20"]
[Round "3.1"]
[White "Mörke, Niklas"]
[Black "Hentrop, Malte"]
[Result "1-0"]
[ECO "B12"]
[WhiteElo "1755"]
[BlackElo "1714"]
[Annotator "NA COMBH"]
[PlyCount "59"]
[EventDate "2022.01.31"]
[EventType "team-tourn"]
[EventCountry "GER"]
[SourceTitle "playchess.com"]
[Source "ChessBase"]
[SourceQuality "1"]
[WhiteTeam "SC Bad Salzdetfurth III"]
[BlackTeam "Findorffer SF"]
[TimeControl "2700+15"]

1. e4 c6 2. d4 d5 3. e5 Bf5 4. h4 h6 5. g4 Bh7 6. Bd3 Bxd3 7. Qxd3 e6 8. Be3 Qb6 9. Qb3 Nd7 10. Nd2 Qxb3 11. axb3 f6 12. f4 Kf7 13. Ngf3 c5 14. dxc5 Bxc5 15. Bxc5 Nxc5 16. O-O-O Ne7 17. h5 Nc6 18. exf6 gxf6 19. g5 Rac8 20. g6+ Kg7 21. Kb1 e5 22. fxe5 fxe5 23. Nh4 Ne7 24. Rhf1 Rhf8 25. Ndf3 Nd7 26. Rfe1 e4 27. Nd4 Rf2 28. Rf1 Rxf1 29. Rxf1 Nf6 30. Ne6+ 1-0

[Event "DSOL-KO 2022"]
[Site "Germany"]
[Date "2022.05.20"]
[Round "3.1"]
[White "Kalina, Lena"]
[Black "Lehmann, Rainer"]
[Result "0-1"]
[ECO "D07"]
[WhiteElo "1724"]
[BlackElo "1660"]
[Annotator "NA RC COMBH"]
[PlyCount "44"]
[EventDate "2022.01.31"]
[EventType "team-tourn"]
[EventCountry "GER"]
[SourceTitle "playchess.com"]
[Source "ChessBase"]
[SourceQuality "1"]
[WhiteTeam "SC Landskrone"]
[BlackTeam "Lok Raw Cottbus"]
[TimeControl "2700+15"]

1. d4 d5 2. c4 Nc6 3. Nc3 Nf6 4. Nf3 Bg4 5. Ne5 Nxe5 6. dxe5 d4 7. Nb5 Nd7 8. Qxd4 Bh5 9. Bf4 c6 10. Nc3 e6 11. g3 g5 12. Bd2 Bc5 13. Qe4 Bg6 14. Qg2 Nxe5 15. b3 Bb4 16. Rd1 Qa5 17. Ne4 O-O-O 18. f4 Bxe4 19. Qxe4 Bxd2+ 20. Kf2 gxf4 21. Bh3 Be3+ 22. Kg2 f3+ 0-1

[Event "DSOL-KO 2022"]
[Site "Germany"]
[Date "2022.05.20"]
[Round "3.1"]
[White "Engert, Marvin"]
[Black "Meyer-Dunker, Paul"]
[Result "1/2-1/2"]
[ECO "A00"]
[WhiteElo "1706"]
[BlackElo "1835"]
[Annotator "NA RC COMBH"]
[PlyCount "110"]
[EventDate "2022.01.31"]
[EventType "team-tourn"]
[EventCountry "GER"]
[SourceTitle "playchess.com"]
[Source "ChessBase"]
[SourceQuality "1"]
[WhiteTeam "SG Turm Leipzig I"]
[BlackTeam "SK Johanneum Eppendorf I"]
[TimeControl "2700+15"]

1. a3 d5 2. Nf3 e6 3. g3 Nf6 4. Bg2 Be7 5. O-O O-O 6. d3 b6 7. Nbd2 Bb7 8. c3 Nbd7 9. Qc2 c5 10. e4 c4 11. dxc4 dxe4 12. Ng5 Nc5 13. Ngxe4 Ncxe4 14. Nxe4 Qc7 15. Rd1 Rac8 16. b3 Bxe4 17. Bxe4 Qe5 18. Bb7 Rcd8 19. Bf4 Qh5 20. Re1 Ng4 21. h4 g5 22. Bxg5 Bxg5 23. hxg5 Qxg5 24. Rad1 Qh6 25. Bg2 Qh2+ 26. Kf1 Qh6 27. Qe2 Qg5 28. Kg1 h5 29. Bf3 Nf6 30. Rd4 Rxd4 31. cxd4 Rd8 32. Qe3 Qg6 33. Qf4 Ng4 34. Re4 Nh6 35. Re5 Nf5 36. d5 Kg7 37. Be4 Kf6 38. d6 Qg4 39. Bxf5 Qxf4 40. gxf4 exf5 41. Re7 a5 42. c5 bxc5 43. Rc7 Rxd6 44. Rxc5 a4 45. bxa4 Rd4 46. Rc6+ Kg7 47. Ra6 Rxf4 48. Ra8 Rf3 49. a5 Rxa3 50. a6 f4 51. a7 Kf6 52. Kg2 h4 53. Kh2 Kf5 54. Kg2 Kf6 55. Kh2 Kf5 1/2-1/2

[Event "DSOL-KO 2022"]
[Site "Germany"]
[Date "2022.05.20"]
[Round "3.1"]
[White "Czeisz, Luca"]
[Black "Kammerlohr, Philipp"]
[Result "1-0"]
[ECO "B13"]
[WhiteElo "1703"]
[BlackElo "1915"]
[Annotator "TA"]
[PlyCount "55"]
[EventDate "2022.01.31"]
[EventType "team-tourn"]
[EventCountry "GER"]
[SourceTitle "playchess.com"]
[Source "ChessBase"]
[SourceQuality "1"]
[WhiteTeam "SG Turm Leipzig II"]
[BlackTeam "SC Leinfelden II"]
[TimeControl "2700+15"]

1. e4 c6 2. d4 d5 3. exd5 cxd5 4. c4 Nf6 5. Nc3 Nc6 6. Nf3 Bg4 7. Be3 e6 8. Be2 Be7 9. cxd5 {B13: Caro-Kann: Exchange Variation and Panov-Botvinnik Attack.} Nxd5 {[#]} 10. Qb3 $146 ({Predecessor:} 10. O-O O-O 11. Qd2 Rc8 12. a3 Na5 13. Nxd5 Qxd5 14. Rad1 Nb3 15. Qe1 Rc2 16. Bd3 Rxb2 17. Qc3 Bxa3 18. Bc4 Qa5 19. Rd3 Bxf3 20. gxf3 {½-½ (60) Smeby,O (1887)-Schwerteck,M (2115) Helsingor 2018}) 10... Bb4 11. h3 {The position is equal.} (11. O-O $5 ) 11... Bf5 (11... Bxf3 $5 12. Bxf3 O-O $11) 12. O-O Bxc3 13. bxc3 Qb6 14. Bb5 O-O {Strongly threatening ...Na5.} 15. c4 (15. Bxc6 $11 Qxc6 16. c4 Nxe3 17. fxe3) 15... Nxe3 ({Black should try} 15... Na5 $1 $17 16. Qd1 Nxe3 17. fxe3 a6) 16. fxe3 Rac8 (16... Na5 $5 17. Qa4 a6 $11) 17. Bxc6 Qxc6 18. Ne5 Qc7 19. Rac1 b6 20. c5 bxc5 21. Rxc5 Qd6 {[#]} (21... Qd8 $11 {and Black stays safe.}) 22. Rfc1 $2 (22. Nxf7 $1 $18 Qe7 (22... Qb8 23. Rb5) 23. Rcxf5 exf5 24. Nd6+ Kh8 25. Nxc8 Rxc8 26. Rxf5) 22... Rxc5 $11 23. Rxc5 Rb8 {[#]} (23... Be4 $11 {remains equal.}) 24. Qc3 {White is much more active.} (24. Qa3 $1 $16 {[%cal Oc5c8] And now Rc8+! would win.} Rf8 25. Qxa7) 24... g6 (24... f6 $11 25. Rc6 Qd8) 25. Rc7 $16 Rb1+ $2 {[#]} (25... f6 $16) 26. Kf2 $2 (26. Kh2 $1 $18) 26... Qd5 (26... Rb2+ $11 27. Qxb2 Qxc7) 27. Rxa7 (27. Rc8+ $142 Kg7 28. Qa3) 27... Rb7 28. Qc8+ {Weighted Error Value: White=1.01/Black=0.96} 1-0

[Event "DSOL-KO 2022"]
[Site "Germany"]
[Date "2022.05.20"]
[Round "3.1"]
[White "Tietz, Bennit"]
[Black "Dietz, Andrae"]
[Result "1-0"]
[ECO "B07"]
[WhiteElo "1653"]
[BlackElo "1794"]
[Annotator "NA COMBH"]
[PlyCount "29"]
[EventDate "2022.01.31"]
[EventType "team-tourn"]
[EventCountry "GER"]
[SourceTitle "playchess.com"]
[Source "ChessBase"]
[SourceQuality "1"]
[WhiteTeam "Hamburger SK IV"]
[BlackTeam "SC Wittstock I"]
[TimeControl "2700+15"]

1. e4 d6 2. d4 Nf6 3. Nc3 Nbd7 4. f4 e5 5. fxe5 dxe5 6. dxe5 Nxe5 7. Qxd8+ Kxd8 8. Bg5 Be7 9. Nf3 Nxf3+ 10. gxf3 h6 11. O-O-O+ Bd7 12. Bxf6 Bxf6 13. Bh3 c6 14. Rxd7+ Ke8 15. e5 1-0

[Event "DSOL-KO 2022"]
[Site "Germany"]
[Date "2022.05.20"]
[Round "3.1"]
[White "Ortlepp, Konstanze"]
[Black "Pottgiesser, Ulrich"]
[Result "1-0"]
[ECO "D00"]
[WhiteElo "1638"]
[BlackElo "1855"]
[Annotator "NA RC COMBH"]
[PlyCount "105"]
[EventDate "2022.01.31"]
[EventType "team-tourn"]
[EventCountry "GER"]
[SourceTitle "playchess.com"]
[Source "ChessBase"]
[SourceQuality "1"]
[WhiteTeam "SG Turm Leipzig II"]
[BlackTeam "SC Leinfelden II"]
[TimeControl "2700+15"]

1. e4 d5 2. d4 dxe4 3. Nc3 Nf6 4. f3 Bf5 5. Bc4 e6 6. Be3 c6 7. Qe2 Be7 8. O-O-O O-O 9. g4 exf3 10. Nxf3 Bxg4 11. Rhg1 g6 12. Qf2 Qa5 13. Rdf1 Nbd7 14. Qh4 Qh5 15. Qg3 Nd5 16. Bxd5 exd5 17. Ne2 Bxf3 18. Rxf3 Qh4 19. Qg2 Qe4 20. Bh6 Rfe8 21. Ng3 Qxd4 22. Rgf1 Bf6 23. c3 Qe5 24. Nf5 Kh8 25. Nd4 Qh5 26. Rh3 Qe5 27. Bf4 Qe4 28. Qd2 Bxd4 29. cxd4 Qe2 30. Qxe2 Rxe2 31. Bg5 Kg8 32. Rhf3 f5 33. h4 Rae8 34. h5 Re1+ 35. Rxe1 Rxe1+ 36. Kd2 Re4 37. h6 Rxd4+ 38. Kc3 Re4 39. b4 Ne5 40. Rf1 Nf7 41. Bd2 Ne5 42. Bg5 Re3+ 43. Bxe3 Kf7 44. Bxa7 Ke6 45. Bd4 Ng4 46. Re1+ Kd7 47. a4 Nh2 48. Bc5 f4 49. Re7+ Kd8 50. Rxh7 f3 51. Rxb7 Ng4 52. h7 Kc8 53. Ra7 1-0

[Event "DSOL-KO 2022"]
[Site "Germany"]
[Date "2022.05.20"]
[Round "3.1"]
[White "Martinez Perez, Geomar"]
[Black "Seer, Marcel"]
[Result "0-1"]
[ECO "B86"]
[WhiteElo "1620"]
[BlackElo "1757"]
[Annotator "NA RC COMBH"]
[PlyCount "88"]
[EventDate "2022.01.31"]
[EventType "team-tourn"]
[EventCountry "GER"]
[SourceTitle "playchess.com"]
[Source "ChessBase"]
[SourceQuality "1"]
[WhiteTeam "Findorffer SF"]
[BlackTeam "SC Bad Salzdetfurth III"]
[TimeControl "2700+15"]

1. e4 c5 2. Nf3 d6 3. Bc4 Nf6 4. Nc3 a6 5. a4 e6 6. d4 cxd4 7. Nxd4 Nxe4 8. Nxe4 d5 9. Bd3 dxe4 10. Bxe4 Bc5 11. Be3 Qh4 12. Bf3 O-O 13. Qe2 Bxd4 14. g3 Qf6 15. O-O Bxe3 16. fxe3 Qxb2 17. Rab1 Qc3 18. Rb3 Qc7 19. Rfb1 Nc6 20. Be4 f5 21. Bd3 Ne5 22. Rb6 Nxd3 23. cxd3 Qc5 24. d4 Qe7 25. a5 Rd8 26. Qd2 Rd6 27. R6b4 Rb8 28. Rc1 e5 29. Rbc4 Be6 30. Rc7 Rd7 31. Rc8+ Rxc8 32. Rxc8+ Kf7 33. Qe2 g6 34. Rh8 Kg7 35. Ra8 exd4 36. exd4 Kf7 37. Qe5 Rd8 38. Ra7 Bd5 39. Qf4 Qe1+ 40. Qf1 Qxf1+ 41. Kxf1 Ke7 42. Ke2 Kd7 43. Ke3 Kc7 44. h4 Kb8 0-1

[Event "DSOL-KO 2022"]
[Site "Germany"]
[Date "2022.05.20"]
[Round "3.1"]
[White "Porro, Michele"]
[Black "Lieberwirth, Nele"]
[Result "0-1"]
[ECO "B10"]
[WhiteElo "1618"]
[BlackElo "1498"]
[Annotator "NA RC COMBH"]
[PlyCount "150"]
[EventDate "2022.01.31"]
[EventType "team-tourn"]
[EventCountry "GER"]
[SourceTitle "playchess.com"]
[Source "ChessBase"]
[SourceQuality "1"]
[WhiteTeam "SC Leinfelden II"]
[BlackTeam "SG Turm Leipzig II"]
[TimeControl "2700+15"]

1. e4 c6 2. Bc4 g6 3. Nf3 d5 4. exd5 cxd5 5. Bd3 Nf6 6. Nc3 Nc6 7. O-O Bg7 8. a3 a5 9. Bb5 O-O 10. d4 Bg4 11. h3 Bxf3 12. Qxf3 Nxd4 13. Qd3 Nc6 14. Bf4 e6 15. Rae1 Qb6 16. Be3 d4 17. Na4 Qd8 18. Bf4 Nd5 19. Bd2 e5 20. Re4 Qd6 21. Bg5 f6 22. Bh4 Kh8 23. Bg3 Rae8 24. h4 f5 25. Ree1 Qf6 26. Nc5 Re7 27. Bc4 Qd6 28. Na4 Rb8 29. Bb5 f4 30. Bh2 Qf6 31. Qh3 Qe6 32. Qf3 Nc7 33. Nc5 Qd6 34. Ne4 Qd5 35. Bd3 Ne6 36. b3 b5 37. Rb1 b4 38. a4 Ree8 39. Bc4 Qd7 40. Qg4 Nf8 41. Qe2 Qe7 42. h5 g5 43. Nc5 Qxc5 44. f3 Qd6 45. Kh1 Qh6 46. g4 fxg3 47. Qg2 gxh2 48. Qxh2 Ne6 49. Bxe6 Qxe6 50. Rg1 Qf6 51. Rbf1 Bh6 52. Qg3 Qf4 53. Qg4 Qxg4 54. fxg4 Rf8 55. Re1 Bg7 56. Rg3 h6 57. Rg2 Rbc8 58. Rh2 Ne7 59. Rhe2 Nd5 60. Rg2 Ne3 61. Rd2 Rxc2 62. Rxc2 Nxc2 63. Rc1 Ne3 64. Rc5 Rd8 65. Rxa5 d3 66. Rxe5 Bxe5 67. Kg1 d2 68. Kf2 d1=Q 69. Kxe3 Qd3+ 70. Kf2 Qg3+ 71. Ke2 Qd3+ 72. Kf2 Bg3+ 73. Kg2 Qe2+ 74. Kg1 Qf2+ 75. Kh1 Qh2# 0-1